 Dungeon Crawl Stone Soup version 0.30-a0-748-ge6a52f7cba (webtiles) character file.

Game seed: 15442983563052008089

39 hikkokomori the Digger (level 3, 0/19 HPs)
             Began as a Deep Elf Earth Elementalist on Feb 9, 2023.
             Slain by an orc
             ... wielding a +0 club
              (1 damage)
             ... on level 2 of the Dungeon.
             The game lasted 00:01:31 (1247 turns).

hikkokomori the Digger (DEEE)                       Turns: 1247, Time: 00:01:32

Health: 0/19       AC:  3    Str:  5    XL:     3   Next: 26%
Magic:  4/9        EV: 12    Int: 21    God:
Gold:   81         SH:  0    Dex: 15    Spells: 7/8 levels left

rFire   . . .      SeeInvis .    h - staff of conjuration
rCold   . . .      Faith    .    (no shield)
rNeg    . . .      Spirit   .    a - +0 robe
rPois   .          Reflect  .    (no helmet)
rElec   .          Harm     .    (no cloak)
rCorr   .          Rampage  .    (no gloves)
Will    .....                    f - +0 pair of boots
Stlth   ++                       (no amulet)
HPRegen 0.23/turn                (no ring)
MPRegen 0.11/turn                (no ring)

@: lethally poisoned (0 -> -8)
A: no striking features
a: no special abilities


You were on level 2 of the Dungeon.
You visited 1 branch of the dungeon, and saw 2 of its levels.

You collected 81 gold pieces.

Inventory:

Armour
 a - a +0 robe (worn)
 f - a +0 pair of boots (worn)
Magical Staves
 h - a staff of conjuration (weapon)
Scrolls
 c - a scroll of immolation {unknown}
 d - 3 scrolls of identify {unknown}
 e - a scroll of silence {unknown}
 i - a scroll of enchant weapon {unknown}
 k - a scroll of butterflies {unknown}
Potions
 b - a potion of magic
 g - a potion of flight {unknown}
 j - a potion of curing {unknown}


   Skills:
 - Level 2.4 Dodging
 + Level 3.4 Stealth
 - Level 3.2 Spellcasting
 + Level 1.2 Conjurations
 - Level 1.1 Transmutations
 + Level 3.9 Earth Magic


You had 7 spell levels left.
You knew the following spells:

 Your Spells              Type           Power      Damage    Failure   Level
a - Sandblast             Erth           38%        2d10      2%          1

Your spell library contained the following spells:

 Spells                   Type           Power      Damage    Failure   Level
 Passwall                 Tmut/Erth      10%        N/A       7%          2
 Stone Arrow              Conj/Erth      42%        3d9       14%         3
 Petrify                  Tmut/Erth      13%        N/A       43%         4


Dungeon Overview and Level Annotations

Branches:
Dungeon (2/15)

Altars:
Hepliaklqana

Shops:
D:2 =


Message History

The orc shouts!
You hear a shout!
An orc comes into view. It is wielding a +2 dagger of venom.
There are monsters nearby!
There are monsters nearby!
A hobgoblin comes into view.
The hobgoblin shouts!
A bat comes into view.
The blast of sand hits the orc!
You kill the orc!
The orc shouts!
The blast of sand hits the frilled lizard!
You kill the frilled lizard!
The bat hits you. The bat misses you.
The blast of sand hits the bat!
You kill the bat!
The orc hits you with a +2 dagger of venom.
You are poisoned.
The blast of sand misses the orc.
You feel very sick. The orc hits you but does no damage.
You are lethally poisoned!
The hobgoblin hits you.
The blast of sand hits the orc!
You kill the orc!
* * * LOW HITPOINT WARNING * * *
You feel very sick.
The hobgoblin closely misses you. x2; The orc misses you.
You are too injured to fight recklessly!
You are too injured to fight recklessly!
Casting: Sandblast (safe; 2% risk of failure)
Confirm with . or Enter, or press ? or * to list all spells.
Aiming: Sandblast (safe; 2% risk of failure)
Press: ? - help, Shift-Dir - straight line, f - hobgoblin
Aim: a hobgoblin (82% to hit)
The blast of sand hits the hobgoblin!
You kill the hobgoblin!
* * * LOW HITPOINT WARNING * * *
You feel very sick. The orc hits you with a +0 club.
You die...

##...## #. #.. ##.....##
#. ##.. #.......###.
##...# #####.........##.
#.....##..(+.......†.'..
.8...8$#..##.........##.
.....)....###.......####
...⌠..†...# ##.....##
......o@..# ##...##
.8...8.#..# ##+#
#.....###.# #.#
##...####.######.###
#### #...>.._.....#
###.#####...^# #.#
#.....# ..# ##....# ####
##.#.#####


You could see an orc.

Vanquished Creatures
  An adder (D:2)
  A dart slug (D:1)
  2 orcs (D:2)
  2 endoplasms (D:1)
  A giant cockroach (D:1)
  2 goblins (D:2)
  3 hobgoblins
  2 jackals (D:1)
  A ball python (D:1)
  4 bats
  2 frilled lizards
  3 kobolds (D:1)
  3 rats
27 creatures vanquished.

Notes
Turn   | Place    | Note
-------+----------+-------------------------------------------
     0 | D:1      | hikkokomori the Deep Elf Earth Elementalist began the quest
                  | for the Orb.
     0 | D:1      | Reached XP level 1. HP: 10/10 MP: 6/6
   360 | D:1      | Reached XP level 2. HP: 15/15 MP: 5/8
   961 | D:2      | Reached skill level 1 in Conjurations
   961 | D:2      | Reached XP level 3. HP: 19/19 MP: 7/9
  1008 | D:2      | Found Ycvaob's Jewellery Emporium.
  1185 | D:2      | Found a hazy altar of Hepliaklqana.
  1224 | D:2      | Found a faded altar of an unknown god.
  1247 | D:2      | Slain by an orc

Illustrated notes

Levels and vault maps discovered:
D:1:      minmay_arrival_statue_studded, layout_basic
D:2:      layout_loops_corners, basic_ecumenical_altar, serial_shops, shop,
          nicolae_shop_trees, shop, basic_altar, wad_floor_pattern_untrapped

Skill      XL: |  1  2 |
---------------+-------+-----
Stealth        | 3 |  3.4
Conjurations   | 1 |  1.2
Dodging        | |  2.4
Spellcasting   | |  3.2
Transmutations | |  1.1
Earth Magic    | |  3.9

Action                     || total
---------------------------++-------
  Melee: Unarmed           ||     2
         Staff             ||     2
   Cast: Sandblast         ||    35
 Armour: Robe              ||     3
  Dodge: Dodged            ||    19

Table legend: (Time is in decaauts)
 A = Elapsed time spent in this place.
 B = Non-inter-level travel time spent in this place.
 C = Inter-level travel time spent in this place.
 D = Time resting spent in this place.
 E = Time spent auto-exploring this place.
 F = Levels seen in this place.
 G = Mean time per level.
                   A        B        C        D        E       F      G
               +--------+--------+--------+--------+--------+-----+--------+
         Total |   1263 |   1206 |     57 |      0 |   1049 |   2 |  631.5 |
       Dungeon |   1263 |   1206 |     57 |      0 |   1049 |   2 |  631.5 |
               +--------+--------+--------+--------+--------+-----+--------+

Top non-repeatable levels by time:
     D:1: 945 daAuts
     D:2: 317 daAuts
